AoeStats
← Chiripa605

African Clearing

510298753Analyzed
4v4 RM · 7h ago on Sep 30, 2026· 39m 39s· 8 players
Game mode
Random Map
Map size
Large (8 player)
Population
200
Speed
Normal
Resources
Standard
Victory
Conquest
Starting age
Dark Age
Ending age
Imperial Age
RankedLock teamsTeams togetherTeam positionsShared explorationLock speedFull tech treeHidden civsTurbo modeCheats
Victory
Defeat
🇭🇰 Japanese · Hong Kong SAR China
1674
+8
🇹🇼 Byzantines · Taiwan
1489
+15
🇹🇼 Saxons · Taiwan
1471
+15
🇹🇼 Varangians · Taiwan
1382
+18
🇺🇸 Malians · United States
1486
-15
🇨🇭 Varangians · Switzerland
1472
-14
🇻🇳 Mongols · Vietnam
1469
-14
🇨🇿 Cumans · Czechia
1428
-13
Chiripa605
4:41 Loom
13:36 Feudal Age
17:30 Castle Age
15:59 Double-Bit Axe
22:00 Scale Mail Armor
22:10 Squires
22:58 Chain Mail Armor
23:14 Horse Collar
28:11 Wheelbarrow
28:01 Town Watch
30:52 Arson
34:16 Hand Cart
35:38 Forging
36:34 Fletching
TakEru
4:00 Loom
14:45 Feudal Age
17:32 Wheelbarrow
18:07 Town Watch
18:18 Double-Bit Axe
23:51 Castle Age
22:38 Stone Mining
28:13 Gold Mining
30:50 Fletching
33:18 Scale Mail Armor
35:02 Chain Mail Armor
38:03 Horse Collar
lorddoc
6:28 Loom
12:34 Feudal Age
13:52 Double-Bit Axe
14:29 Bloodlines
19:24 Castle Age
23:26 Scale Barding Armor
29:58 Wheelbarrow
33:32 Husbandry
36:05 Chain Barding Armor
37:11 Hand Cart
INghost
3:09 Loom
12:13 Feudal Age
12:59 Double-Bit Axe
20:35 Castle Age
20:29 Horse Collar
21:00 Scale Barding Armor
21:48 Bow Saw
22:00 Bloodlines
26:25 Chain Barding Armor
28:48 Wheelbarrow
28:33 Gold Mining
29:13 Forging
31:06 Fletching
33:57 Hand Cart
35:28 Gold Shaft Mining
38:26 Imperial Age
37:14 Iron Casting
38:50 Elite Steppe Lancer
快樂 543
7:00 Loom
14:11 Feudal Age
18:29 Castle Age
17:30 Double-Bit Axe
34:35 Town Watch
绿油精点眼睛
12:02 Loom
14:32 Feudal Age
18:20 Castle Age
16:38 Double-Bit Axe
16:55 Fishing Lines
21:21 Stone Mining
24:56 Wheelbarrow
24:59 Gold Mining
25:26 Horse Collar
30:58 Imperial Age
30:04 Scale Mail Armor
30:14 Forging
30:14 Gambesons
30:29 Squires
30:15 Arson
31:27 Chain Mail Armor
31:57 Elite Varangian Guard
33:20 Conscription
33:30 Heavy Plow
33:24 Gillnets
34:14 Hand Cart
34:51 Gold Shaft Mining
35:35 Plate Mail Armor
35:40 Iron Casting
35:19 Bow Saw
36:35 Chemistry
37:33 Iron Casting
37:04 Scale Barding Armor
38:04 Two-Man Saw
40:07 Chain Barding Armor
Random Civ Pocket
13:54 Feudal Age
17:36 Castle Age
15:59 Double-Bit Axe
18:27 Bow Saw
18:07 Fletching
19:00 Loom
21:59 Bodkin Arrow
23:41 Padded Archer Armor
24:32 Wheelbarrow
23:38 Horse Collar
23:42 Fishing Lines
24:37 Ballistics
27:56 Leather Archer Armor
29:53 Bloodlines
29:46 Husbandry
35:02 Imperial Age
33:25 Thumb Ring
34:09 Gold Mining
34:09 Stone Mining
35:31 Gold Shaft Mining
35:04 Heavy Plow
35:56 Bracer
35:27 Heavy Cavalry Archer
36:42 Bracer
38:38 Ring Archer Armor
39:34 Chemistry
39:31 Conscription
40:18 Parthian Tactics
快樂987
6:07 Loom
14:03 Feudal Age
17:17 Double-Bit Axe
17:19 Town Watch
20:07 Castle Age
18:34 Fishing Lines
20:05 Fletching
22:01 Bow Saw
26:05 Bodkin Arrow
26:10 Padded Archer Armor
27:51 Husbandry
29:51 Ballistics
30:44 Gold Mining
32:01 Thumb Ring
33:05 Guard Tower
32:57 Treadmill Crane
34:34 Bloodlines
35:14 Gillnets
37:09 Wheelbarrow
37:10 Horse Collar
39:01 Hand Cart
40:14 Leather Archer Armor
Connection lost

Rejoining the realm…

Still unreachable

The connection could not be restored.

Session expired

The server has moved on; the page needs a fresh start.